 Dungeon Crawl Stone Soup version 0.28-a0-1184-g53156a8862 (webtiles) character file.

Game seed: 13759946047439847722

18524 ders the Thaumaturge (level 12, 0/59 HPs)
             Began as a Deep Elf Earth Elementalist on Dec 18, 2021.
             Was a Priest of Vehumet.
             Slain by a black mamba (17 damage)
             ... on level 3 of the Lair of Beasts.
             The game lasted 00:16:20 (14612 turns).

ders the Thaumaturge (Deep Elf Earth Elementalist) Turns: 14612, Time: 00:16:21

Health: 0/59       AC:  5    Str:  5    XL:     12   Next: 28%
Magic:  1/32       EV: 13    Int: 26    God:    Vehumet [***...]
Gold:   537        SH:  0    Dex: 21    Spells: 31/40 levels left

rFire   . . .      SeeInvis .   i - staff of earth
rCold   . . .      Faith    .   (no shield)
rNeg    . . .      Spirit   .   w - +0 steam dragon scales
rPois   .          Reflect  .   g - +0 hat
rElec   .          Harm     .   (no cloak)
rCorr   .          Rampage  .   (no gloves)
Will    +....                   (no boots)
Stlth   ++........              (no amulet)
HPRegen 0.19/turn               f - +6 ring of dexterity
MPRegen 0.23/turn               q - ring of flight

@: lethally poisoned (0 -> -10), about to teleport, flying
A: no striking features
a: Renounce Religion


You were on level 3 of the Lair of Beasts.
You worshipped Vehumet.
Vehumet was most pleased with you.
You visited 3 branches of the dungeon, and saw 14 of its levels.

You collected 602 gold pieces.
You spent 65 gold pieces at shops.

Inventory:

Missiles
 c - 210 stones
Armour
 b - a +1 robe
 g - a +0 hat (worn)
 w - +0 steam dragon scales (worn)
Magical Staves
 i - a staff of earth (weapon)
Jewellery
 f - a +6 ring of dexterity (left hand)
 q - a ring of flight (right hand)
 z - a +4 ring of slaying
Wands
 r - a wand of mindburst (24)
 t - a wand of iceblast (14)
 y - a wand of flame (10)
 A - a wand of polymorph (5)
 B - a wand of acid (3)
Scrolls
 h - 5 scrolls of vulnerability
 k - a scroll of blinking
Potions
 d - 3 potions of curing
 e - 2 potions of flight
 j - 2 potions of heal wounds
 l - a potion of berserk rage
 m - 3 potions of attraction
 n - a potion of mutation
 o - a potion of ambrosia {unknown}
 p - a potion of magic {unknown}
 s - 3 potions of brilliance
 u - a potion of degeneration {unknown}
 v - a potion of invisibility {unknown}
 x - 2 potions of cancellation
 C - a potion of haste {unknown}


   Skills:
 - Level 2.4 Dodging
 - Level 2.4 Stealth
 + Level 14.7 Spellcasting
 + Level 12.1 Conjurations
 - Level 1.1 Transmutations
 - Level 7.3 Ice Magic
 + Level 12.6 Earth Magic


You had 31 spell levels left.
You knew the following spells:

 Your Spells              Type           Power      Damage    Failure   Level
a - Sandblast             Erth           100%       2d20      0%          1
b - Stone Arrow           Conj/Erth      100%       3d13      1%          3
c - Freezing Cloud        Conj/Ice/Air   26%        6-21      1%          5

Your spell library contained the following spells:

 Spells                   Type           Power      Damage    Failure   Level
 Fulminant Prism          Conj/Hex       25%        3d14      1%          4
 Ensorcelled Hibernation  Hex/Ice        76%        N/A       1%          2
 Passwall                 Tmut/Erth      58%        N/A       1%          2
 Mephitic Cloud           Conj/Pois/Air  40%        N/A       1%          3
 Hailstorm                Conj/Ice       63%        3d13      1%          4
 Petrify                  Tmut/Erth      70%        N/A       1%          4
 Fireball                 Conj/Fire      25%        3d11      1%          5
 Ignite Poison            Fire/Tmut/Pois 21%        N/A       2%          3
 Ice Form                 Ice/Tmut       41%        N/A       4%          4
 Tukima's Dance           Hex            19%        N/A       9%          3
 Starburst                Conj/Fire      25%        6d8       10%         6
 Metabolic Englaciation   Hex/Ice        19%        N/A       17%         5
 Statue Form              Tmut/Erth      46%        N/A       26%         6
 Simulacrum               Ice/Necr       19%        N/A       67%         6
 Ignition                 Fire           9%         3d5       100%        8


Dungeon Overview and Level Annotations

Branches:
Dungeon (10/15)            Temple (1/1) D:7            Lair (3/6) D:10
  Swamp (0/4) Lair:2          Orc (0/2) D:9
  Snake: Lair:2-4    Spider: Lair:2-4

Altars:
Ashenzari
Cheibriados
Dithmenos
Elyvilon
Fedhas
Gozag
Hepliaklqana
Kikubaaqudgha
Makhleb
Nemelex Xobeh
Okawaru
Qazlal
Ru
Sif Muna
Trog
Uskayaw
Vehumet
Wu Jian
Xom
Yredelemnul
Zin
The Shining One

Shops:
D:3 !   D:6 [


Message History

Press: ? - help, Shift-Dir - straight line, f - black mamba
Aim: a black mamba (63% to hit)
You feel a surge of power!
The stone arrow hits the black mamba!!
The black mamba is severely wounded.
The black mamba barely misses you.
The black mamba bites you but does no damage.
Unknown command.
Casting: Stone Arrow (safe; 1% risk of failure)
Confirm with . or Enter, or press ? or * to list all spells.
Aiming: Stone Arrow (safe; 1% risk of failure)
Press: ? - help, Shift-Dir - straight line, f/p - black mamba
Aim: a black mamba (severely wounded, 63% to hit)
You feel a surge of power!
The stone arrow hits the black mamba!
The black mamba is almost dead.
The black mamba misses you.
A komodo dragon comes into view.
The black mamba completely misses you.
Unknown command.
Casting: Stone Arrow (safe; 1% risk of failure)
Confirm with . or Enter, or press ? or * to list all spells.
Aiming: Stone Arrow (safe; 1% risk of failure)
Press: ? - help, Shift-Dir - straight line, f/p - black mamba
Aim: a black mamba (almost dead, 63% to hit)
You feel a surge of power!
The stone arrow misses the black mamba.
The black mamba bites you.
You are poisoned.
The black mamba poisons you!
Unknown command.
Blink to where?
Press: ? - help, Dir - move target, p - black mamba
As you read the scroll of blinking, it crumbles to dust.
You feel very sick.
You feel better. The black mamba closely misses you.
As you read the scroll of teleportation, it crumbles to dust.
You feel strangely unstable. The black mamba bites you!
You are poisoned.
The black mamba poisons you! The black mamba bites you!
You feel very sick. The black mamba bites you!
You die...

#............## ...
###[...^..P....####...
#.#....####...#.#.....
##†...## #...#.......
##...# #...........
#.#..# #...........
##...# #...........
#.lS# #.......b...
#..#@# #........b..
###...# #....#......
#...P# #...########
#...........# #
............. #
#...#..####... #...
##. ##.. ##.. ## #...


You could see a komodo dragon and a black mamba.

Vanquished Creatures
  Gastronok (Lair:3)
  4 hydras
  2 two-headed ogres
  Pikel (D:8)
  An ugly thing (D:8)
  3 cane toads
  3 komodo dragons
  A troll (D:8)
  A tyrant leech (Lair:2)
  10 blink frogs
  Sigmund (D:5)
  A wraith (D:10)
  3 wyverns
  20 yaks
  2 steam dragons
  2 swamp worms (Lair:2)
  11 water moccasins
  4 orc warriors
  A black bear (Lair:1)
  A sky beast (D:7)
  An ogre (D:6)
  An ice beast (D:6)
  8 wolves (Lair:2)
  3 centaurs
  A lemure (D:8)
  A phantom (D:5)
  A kobold brigand (D:9)
  A gnoll sergeant (D:9)
  5 bullfrogs
  2 scorpions
  A wyvern skeleton (D:7)
  6 wights (D:8)
  6 killer bees (D:10)
  An electric eel (Lair:2)
  A bullfrog zombie (D:6)
  A centaur zombie (D:5)
  2 orc priests
  3 centaur skeletons
  4 hounds
  3 iguanas
  9 orc wizards
  7 gnolls
  6 adders
  A white imp (D:6)
  4 ufetubi
  2 adder skeletons (D:4)
  2 worms
  5 dart slugs
  58 orcs
  3 bats
  6 endoplasms
  A giant cockroach (D:3)
  5 hobgoblins
  4 jackals (D:1)
  6 kobolds
  3 quokkas
  5 ball pythons
  2 frilled lizards
  3 goblins
  A jackal skeleton (D:4)
  4 rats
262 creatures vanquished.

Vanquished Creatures (others)
  13 fungi
  17 plants
30 creatures vanquished.

Grand Total: 292 creatures vanquished

Notes
Turn   | Place    | Note
-------+----------+-------------------------------------------
     0 | D:1      | ders the Deep Elf Earth Elementalist began the quest for
                  | the Orb.
     0 | D:1      | Reached XP level 1. HP: 10/10 MP: 6/6
   195 | D:1      | Found a faded altar of an unknown god.
   219 | D:1      | Reached XP level 2. HP: 15/15 MP: 6/8
   352 | D:1      | Reached skill level 1 in Conjurations
  1313 | D:2      | Reached XP level 3. HP: 19/19 MP: 8/10
  1317 | D:2      | Learned a level 3 spell: Stone Arrow
  1718 | D:2      | Reached skill level 4 in Spellcasting
  1914 | D:3      | Reached XP level 4. HP: 24/24 MP: 7/12
  2192 | D:3      | Noticed a +0 dagger
  2193 | D:3      | Found a hide-covered altar of Uskayaw.
  2193 | D:3      | Noticed a +0 hand axe
  2810 | D:3      | Found Ruisonol's Distillery.
  2818 | D:3      | Bought a potion of heal wounds for 65 gold pieces
  3006 | D:3      | Reached XP level 5. HP: 19/28 MP: 1/14
  3296 | D:4      | Reached skill level 5 in Spellcasting
  3848 | D:5      | Entered Level 5 of the Dungeon
  3851 | D:5      | Reached skill level 5 in Earth Magic
  3891 | D:5      | Reached XP level 6. HP: 32/32 MP: 4/16
  4238 | D:5      | Found an ancient bone altar of Kikubaaqudgha.
  4255 | D:5      | Reached skill level 6 in Spellcasting
  4460 | D:5      | Reached XP level 7. HP: 36/36 MP: 14/18
  4660 | D:5      | Noticed Sigmund
  4664 | D:5      | Killed Sigmund
  4745 | D:5      | Reached skill level 5 in Conjurations
  4799 | D:5      | Noticed a yak
  4802 | D:5      | Killed a yak
  4803 | D:5      | Reached skill level 7 in Spellcasting
  4918 | D:5      | Reached XP level 8. HP: 41/41 MP: 14/21
  5440 | D:6      | Reached skill level 8 in Spellcasting
  5543 | D:6      | Found Wioliss's Armour Emporium.
  6357 | D:7      | Found a staircase to the Ecumenical Temple.
  6392 | D:7      | Found a broken altar of Ashenzari.
  6433 | Temple   | Entered the Ecumenical Temple
  6592 | D:7      | Reached skill level 9 in Spellcasting
  6969 | D:7      | Found a hazy altar of Hepliaklqana.
  6974 | D:7      | Found a blossoming altar of Fedhas.
  6979 | D:7      | Found a shimmering altar of Xom.
  6980 | D:7      | Found a radiant altar of Vehumet.
  6983 | D:7      | Found an opulent altar of Gozag.
  6986 | D:7      | Found a glowing silver altar of Zin.
  6987 | D:7      | Became a worshipper of Vehumet
  7114 | D:8      | Noticed Pikel
  7123 | D:8      | Killed Pikel
  7124 | D:8      | Reached XP level 9. HP: 32/45 MP: 2/24
  7150 | D:8      | Reached skill level 10 in Spellcasting
  7221 | D:8      | Noticed a cyan ugly thing
  7227 | D:8      | Killed a cyan ugly thing
  8022 | D:8      | Noticed a two-headed ogre
  8061 | D:8      | Noticed a troll
  8066 | D:8      | Killed a troll
  8067 | D:8      | Reached skill level 11 in Spellcasting
  8246 | D:8      | Killed a two-headed ogre
  8247 | D:8      | Reached XP level 10. HP: 21/50 MP: 12/27
  8596 | D:8      | Learned a level 5 spell: Freezing Cloud
  8651 | D:9      | Noticed a two-headed ogre
  8655 | D:9      | Killed a two-headed ogre
  8656 | D:9      | Reached skill level 1 in Ice Magic
  8656 | D:9      | Reached skill level 10 in Earth Magic
  8757 | D:9      | Reached * piety under Vehumet
  8757 | D:9      | Offered knowledge of Foxfire by Vehumet.
  9506 | D:9      | Reached skill level 12 in Spellcasting
  9700 | D:9      | Offered knowledge of Poisonous Vapours by Vehumet.
  9705 | D:9      | Reached ** piety under Vehumet
 10113 | D:9      | Found a staircase to the Orcish Mines.
 10230 | D:10     | Entered Level 10 of the Dungeon
 10241 | D:10     | Reached skill level 10 in Conjurations
 10718 | D:10     | Found a bloodstained altar of Trog.
 10796 | D:10     | Found a staircase to the Lair.
 10874 | D:10     | Offered knowledge of Searing Ray by Vehumet.
 11104 | D:10     | Found a burning altar of Makhleb.
 11214 | Lair:1   | Entered Level 1 of the Lair of Beasts
 11222 | D:10     | Reached XP level 11. HP: 38/54 MP: 27/29
 11813 | Lair:1   | Noticed a five-headed hydra
 11823 | Lair:1   | Killed a five-headed hydra
 11824 | Lair:1   | Reached skill level 13 in Spellcasting
 11824 | Lair:1   | Reached skill level 5 in Ice Magic
 11991 | Lair:1   | Noticed a seven-headed hydra
 11998 | Lair:1   | Killed a seven-headed hydra
 13048 | Lair:2   | Reached *** piety under Vehumet
 13233 | Lair:2   | Noticed a five-headed hydra
 13238 | Lair:2   | Killed a five-headed hydra
 13604 | Lair:2   | Noticed a seven-headed hydra
 13610 | Lair:2   | Killed a seven-headed hydra
 13668 | Lair:2   | Reached skill level 14 in Spellcasting
 13934 | Lair:2   | Offered knowledge of Fulminant Prism by Vehumet.
 13937 | Lair:2   | Reached XP level 12. HP: 59/59 MP: 21/32
 14108 | Lair:2   | Found a staircase to the Swamp.
 14305 | Lair:3   | Noticed Gastronok
 14461 | Lair:3   | Killed Gastronok
 14612 | Lair:3   | Slain by a black mamba

Illustrated notes

Levels and vault maps discovered:
D:1:      matt_arrival_diagonals, layout_basic, serial_rivers,
          chequers_serial_rivers_small_a, chequers_serial_rivers_large_b,
          chequers_serial_rivers_room_b, chequers_serial_rivers_room_a,
          chequers_serial_rivers_micro_b, chequers_serial_rivers_room_a,
          basic_ecumenical_altar, st_stairs_11
D:2:      layout_loops_corners
D:3:      layout_loops_ring, dancing_weapons_uskayaw, serial_shops,
          nicolae_square_shop, serial_bayou_pond_a
D:4:      layout_rooms, kennysheep_generic_room_2
D:5:      kennysheep_six_static_rooms, layout_rooms, overflow_temple_1_default,
          uniq_sigmund
D:6:      layout_basic, serial_shops, shop_fountains, minmay_misc_feat_rows
D:7:      layout_cave_pools, nicolae_overflow_hallway_of_the_gods,
          minmay_temple_entry_mini_moons
D:8:      layout_loops_ring, minivault_22, grunt_tough_drop, uniq_pikel
D:9:      layout_long_grid, hiddenorc2_lemuel
D:10:     layout_loops_ring, old_standard_altar, lemuel_doored_altar,
          lair_entry_dummy
Temple:   jpeg_temple_clearing
Lair:1:   layout_cave_pods, serial_bayou_ford_a,
          grunt_forest_small_clearing_treed, grunt_megastairs_4
Lair:2:   layout_hall_layers, palyth_hydra_swamp_entry, nicolae_lair_lil_pond,
          infiniplex_staircase_pool
Lair:3:   layout_concentric_octagons, nicolae_spider_entry_non_spiders,
          lemuel_fruit_fields, uniq_snorg, uniq_gastronok

Skill      XL: |  1  2  3  4  5  6  7  8  9 10 11 12 |
---------------+-------------------------------------+-----
Conjurations   | 1 2 3 4 5 7 9 10 11 12 | 12.1
Spellcasting   | 4 5 6 7 9 11 12 14 | 14.7
Earth Magic    | 4 5 6 8 9 10 12 | 12.6
Ice Magic      | 4 7 |  7.3
Dodging        | |  2.4
Stealth        | |  2.4
Transmutations | |  1.1

Action                   |  1- 3 |  4- 6 |  7- 9 | 10-12 || total
-------------------------+-------+-------+-------+-------++-------
Melee: Staff             |       |     1 |       |    14 ||    15
 Cast: Sandblast         |    33 |    26 |    18 |    60 ||   137
       Stone Arrow       |     3 |    39 |    75 |   192 ||   309
       Freezing Cloud    |       |       |       |    25 ||    25
  Use: Scroll            |       |       |     9 |    10 ||    19
       Potion            |       |       |       |     2 ||     2
Armor: Robe              |     1 |     5 |     2 |       ||     8
       Steam dragon scal |       |       |       |    12 ||    12
Dodge: Dodged            |     7 |     9 |    18 |    91 ||   125

Table legend: (Time is in decaauts)
 A = Elapsed time spent in this place.
 B = Non-inter-level travel time spent in this place.
 C = Inter-level travel time spent in this place.
 D = Time resting spent in this place.
 E = Time spent auto-exploring this place.
 F = Levels seen in this place.
 G = Mean time per level.
                   A        B        C        D        E       F      G
               +--------+--------+--------+--------+--------+-----+--------+
         Total |  14668 |  14206 |    462 |   2343 |  10458 |  14 | 1047.7 |
       Dungeon |  11360 |  11041 |    319 |   1563 |   8430 |  10 | 1136.0 |
        Temple |    139 |    125 |     14 |      0 |    110 |   1 |  139.0 |
          Lair |   3168 |   3039 |    129 |    780 |   1918 |   3 | 1056.0 |
               +--------+--------+--------+--------+--------+-----+--------+

Top non-repeatable levels by time:
     D:8: 1700 daAuts
  Lair:1: 1483 daAuts
     D:9: 1478 daAuts
  Lair:2: 1432 daAuts
     D:5: 1231 daAuts
    D:10: 1216 daAuts
     D:3: 1172 daAuts
     D:6: 1115 daAuts
     D:1: 1064 daAuts
     D:2: 892 daAuts
     D:4: 771 daAuts
     D:7: 717 daAuts
  Lair:3: 252 daAuts
  Temple: 139 daAuts
